AoeStats
← sloth

MegaRandom

510275823Analyzed
2v2 RM · 2d ago on Sep 30, 2026· 60m 56s· 4 players
Game mode
Random Map
Map size
Medium (4 player)
Population
200
Speed
Normal
Resources
Standard
Victory
Conquest
Starting age
Dark Age
Ending age
Imperial Age
RankedLock teamsTeams togetherTeam positionsShared explorationLock speedFull tech treeHidden civsTurbo modeCheats
Victory
Defeat
🇦🇺 Khmer · Australia
1217
+17
🇲🇽 Malay · Mexico
1164
+19
🇳🇿 Celts · New Zealand
1230
-18
🇳🇿 Saxons · New Zealand
1228
-18
spartacusspud
5:05 Loom
17:23 Feudal Age
20:20 Castle Age
18:21 Fishing Lines
18:30 Double-Bit Axe
18:28 Horse Collar
22:18 Bow Saw
24:01 Husbandry
24:11 Bloodlines
27:20 Imperial Age
25:41 Scale Barding Armor
25:46 Forging
26:19 Gold Mining
27:35 Chain Barding Armor
27:51 Iron Casting
30:07 Wheelbarrow
29:17 Town Watch
29:24 Town Watch
30:23 Scale Mail Armor
31:25 Blast Furnace
31:26 Tusk Swords
32:19 Gold Shaft Mining
33:22 Stone Mining
35:11 Plate Barding Armor
35:16 Elite Battle Elephant
36:27 Fletching
44:14 Ballistics
44:54 Chemistry
45:44 Double Crossbow
46:05 Conscription
49:00 Heavy Scorpion
50:31 Heavy Plow
51:50 Siege Engineers
54:42 Bodkin Arrow
56:52 Bracer
sumply
8:12 Loom
14:21 Feudal Age
14:26 Double-Bit Axe
15:39 Horse Collar
22:22 Castle Age
23:26 Bow Saw
23:30 Heavy Plow
24:51 Wheelbarrow
24:20 Stone Mining
26:27 Fishing Lines
27:00 Gillnets
30:29 Hand Cart
33:28 Imperial Age
31:45 Forging
31:54 Masonry
32:17 Pikeman
34:57 Squires
34:43 Arson
35:37 Iron Casting
35:09 Scale Barding Armor
35:10 Halberdier
35:12 Man-at-Arms
35:43 Elite Karambit Warrior
37:47 Ballistics
38:28 Chemistry
37:21 Fletching
38:32 Blast Furnace
39:38 Bodkin Arrow
39:51 Siege Engineers
39:26 Long Swordsman
40:58 Conscription
42:56 Bracer
42:58 Padded Archer Armor
42:36 Two-Handed Swordsman
44:16 Forced Levy
46:20 Crop Rotation
52:52 Caravan
sloth
4:42 Loom
12:38 Feudal Age
17:14 Castle Age
15:03 Double-Bit Axe
15:03 Horse Collar
20:41 Wheelbarrow
20:28 Bow Saw
20:27 Heavy Plow
22:49 Hand Cart
23:32 Gold Mining
23:37 Stone Mining
26:12 Stone Shaft Mining
28:21 Scale Mail Armor
28:32 Forging
29:55 Gold Shaft Mining
32:59 Imperial Age
31:29 Pikeman
32:39 Chain Mail Armor
33:50 Iron Casting
33:48 Siege Engineers
33:08 Onager
33:23 Halberdier
35:07 Plate Mail Armor
35:11 Furor Celtica
35:23 Conscription
37:39 Blast Furnace
36:50 Masonry
37:08 Siege Onager
38:34 Arson
39:48 Siege Onager
41:38 Hoardings
45:03 Elite Woad Raider
46:02 Heavy Scorpion
46:32 Gambesons
47:31 Man-at-Arms
49:05 Long Swordsman
50:59 Two-Handed Swordsman
52:12 Champion
54:50 Capped Ram
56:54 Chemistry
56:15 Ballistics
56:08 Fortified Wall
56:28 Siege Ram
flame
5:26 Loom
12:36 Feudal Age
15:01 Fishing Lines
18:10 Castle Age
16:22 Man-at-Arms
17:25 Fishing Lines
17:54 Double-Bit Axe
17:51 Horse Collar
18:48 Scale Mail Armor
20:33 Bow Saw
20:36 Heavy Plow
24:49 Medium Warships
26:48 Arson
28:20 Wheelbarrow
30:34 Gold Mining
31:00 Town Watch
31:48 Medium Warships
31:56 Hand Cart
31:55 Pikeman
32:36 Squires
33:02 Gambesons
33:34 Chain Mail Armor
33:30 Forging
37:35 Imperial Age
35:14 Crossbowman
36:48 Iron Casting
36:57 Fletching
37:55 Bodkin Arrow
38:10 Thumb Ring
37:54 Halberdier
37:58 Elite Varangian Guard
41:04 Plate Mail Armor
40:35 Bracer
40:16 Shield Wall
41:17 Conscription
41:21 Murder Holes
42:28 Chemistry
41:48 Ballistics
41:03 Arbalester
50:05 Long Swordsman
50:49 Two-Handed Swordsman
51:25 Champion
Connection lost

Rejoining the realm…

Still unreachable

The connection could not be restored.

Session expired

The server has moved on; the page needs a fresh start.